 Dungeon Crawl Stone Soup version 0.29.1-13-g9f3cf754e1 (webtiles) character file.

Game seed: 2713807912011043552

44 Thatpatchoflichen the Vexing (level 3, 0/35 HPs)
             Began as an Ogre Enchanter on Feb 4, 2023.
             Slain by a quokka (3 damage)
             ... on level 2 of the Dungeon.
             The game lasted 00:04:21 (2485 turns).

Thatpatchoflichen the Vexing (Ogre Enchanter)       Turns: 2485, Time: 00:04:22

Health: 0/35       AC:  3    Str: 14    XL:     3   Next: 62%
Magic:  6/6        EV: 10    Int: 16    God:
Gold:   72         SH:  0    Dex:  9    Spells: 2/7 levels left

rFire   . . .      SeeInvis .   g - +2 whip (elec)
rCold   . . .      Faith    .   (no shield)
rNeg    . . .      Spirit   .   b - +0 robe
rPois   .          Reflect  .   (helmet restricted)
rElec   .          Harm     .   (no cloak)
rCorr   .          Rampage  .   (gloves unavailable)
Will    .....                   (boots unavailable)
Stlth   ++........              (no amulet)
HPRegen 0.11/turn               (no ring)
MPRegen 0.10/turn               (no ring)

@: no status effects
A: large, unfitting armour, tough skin 1
a: no special abilities


You were on level 2 of the Dungeon.
You visited 1 branch of the dungeon, and saw 3 of its levels.

You collected 72 gold pieces.

Inventory:

Hand Weapons
 a - a +1 dagger
 g - a +2 whip of electrocution (weapon)
Missiles
 h - 6 boomerangs (quivered)
Armour
 b - a +0 robe (worn)
Magical Staves
 f - a staff of cold
Jewellery
 j - a ring of wizardry
Scrolls
 e - 2 scrolls of identify {unknown}
 i - a scroll of poison {unknown}
 k - a scroll of magic mapping {unknown}
Potions
 c - 2 potions of invisibility
 d - 3 potions of curing {unknown}
 l - a potion of brilliance {unknown}


   Skills:
 + Level 1.9 Fighting
 - Level 0.8 Short Blades
 + Level 0.6 Maces & Flails
 + Level 2.3 Dodging
 - Level 2.1 Stealth
 + Level 2.5 Spellcasting
 + Level 3.1 Hexes


You had 2 spell levels left.
You knew the following spells:

 Your Spells              Type           Power      Damage    Failure   Level
a - Ensorcelled Hibernat  Hex/Ice        14%        N/A       16%         2
b - Confusing Touch       Hex            12%        N/A       16%         3

Your spell library contained the following spells:

 Spells                   Type           Power      Damage    Failure   Level
 Slow                     Hex            48%        N/A       5%          1
 Tukima's Dance           Hex            12%        N/A       16%         3
 Dazzling Flash           Conj/Hex       14%        N/A       30%         3
 Vampiric Draining        Necr           2%         2d6       52%         3


Dungeon Overview and Level Annotations

Branches:
Dungeon (3/15)

Altars:
Fedhas


Innate Abilities, Weirdness & Mutations

You are too large for most types of armour.
You have tough skin. (AC +1)


Message History

There is a stone staircase leading down here.
You barely miss the kobold. The kobold hits you but does no damage.
You hit the kobold but do no damage. The kobold closely misses you.
You hit the kobold.
You kill the kobold!
Things that are here:
a +0 dagger; 4 stones
There is a stone staircase leading down here.
You climb downwards.
The quokka bites you. The kobold hits you but does no damage.
The endoplasm hits you. The quokka bites you.
The kobold hits you but does no damage. The endoplasm freezes you.
You are frozen.
There is a stone staircase leading up here.
The bat hits you but does no damage. The quokka bites you.
The kobold barely misses you. The bat hits you but does no damage.
The endoplasm hits you but does no damage.
You climb upwards.
There is a stone staircase leading down here.
You completely miss the kobold. The quokka bites you.
The kobold hits you with a +0 short sword.
The quokka barely misses you.
You closely miss the kobold. The quokka closely misses you.
The kobold hits you with a +0 short sword.
You hit the kobold. Lightning courses through the kobold!!
You kill the kobold!
The bat hits you but does no damage. The bat closely misses you.
The quokka bites you.
* * * LOW HITPOINT WARNING * * *
You closely miss the bat. The bat barely misses you.
The quokka closely misses you.
Unknown command.
You closely miss the bat. The bat hits you but does no damage.
The bat barely misses you. The quokka bites you.
* * * LOW HITPOINT WARNING * * *
The quokka bites you.
* * * LOW HITPOINT WARNING * * *
You closely miss the bat. The bat hits you but does no damage. x2
The quokka bites you.
You die...

...............#
##############.# #
########'## # #.........# #
#.........#
#######..)......#
........######'##
......#.######.###
..............Jr@#
....#.#.######.#b#
###.#.#.# #.#.# #.#.#.#
#.#.# #.#.#.# #.#.#
###.#.#.# #.#.#
..#.#.#.######.#.#
.##.#.#......#...#
.##.#.######.###.##########


You could see an endoplasm, a quokka and a bat.

Vanquished Creatures
  An adder (D:1)
  5 endoplasms
  2 giant cockroaches (D:2)
  4 hobgoblins
  6 kobolds
  3 ball pythons
  3 bats
  3 frilled lizards
  5 goblins
  2 rats
34 creatures vanquished.

Notes
Turn   | Place    | Note
-------+----------+-------------------------------------------
     0 | D:1      | Thatpatchoflichen the Ogre Enchanter began the quest for
                  | the Orb.
     0 | D:1      | Reached XP level 1. HP: 16/16 MP: 3/3
   347 | D:1      | Reached skill level 1 in Fighting
   404 | D:1      | Reached XP level 2. HP: 27/27 MP: 5/5
   502 | D:1      | Found a faded altar of an unknown god.
   686 | D:2      | Reached skill level 3 in Hexes
   873 | D:1      | Reached XP level 3. HP: 16/35 MP: 6/6
  1593 | D:2      | Learned a level 2 spell: Ensorcelled Hibernation
  1597 | D:2      | Learned a level 3 spell: Confusing Touch
  1977 | D:2      | Found a blossoming altar of Fedhas.
  2485 | D:2      | Slain by a quokka

Illustrated notes

Levels and vault maps discovered:
D:1:      dpeg_arrival_line_fractal, layout_loops_ring,
          ebering_ecumenical_altar_petrified, minivault_19, st_stairs_2,
          supply_closet_lemuel
D:2:      layout_basic, basic_altar, feat_on_display
D:3:      layout_rooms

Skill      XL: |  1  2 |
---------------+-------+-----
Dodging        | 2 |  2.3
Fighting       | 1 |  1.9
Hexes          | 3 |  3.1
Short Blades   | |  0.8
Maces & Flails | |  0.6
Stealth        | |  2.1
Spellcasting   | |  2.5

Action                   || total
-------------------------++-------
Melee: Dagger            ||    50
       Whip              ||    54
       Punch             ||     1
 Stab: Sleeping          ||     4
Armor: Robe              ||    49
Dodge: Dodged            ||    57
